 Dungeon Crawl Stone Soup version 0.17.1-3-g152610e (webtiles) character file.

109 MrTails the Chopper (level 4, 0/34 HPs)
             Began as a Demonspawn Gladiator on Feb 21, 2016.
             Was an Initiate of Okawaru.
             Slain by an adder (1 damage)
             ... on level 2 of the Dungeon.
             The game lasted 00:04:10 (2068 turns).

MrTails the Chopper (Demonspawn Gladiator)          Turns: 2068, Time: 00:04:10

Health: 0/34       AC:  6    Str: 16    XL:     4   Next: 59%
Magic:  4/4        EV: 17    Int: 14    God:    Okawaru [......]
Gold:   90         SH:  0    Dex: 19    Spells: 0 memorised, 3 levels left

rFire  . . .     SeeInvis .     a - +0 war axe
rCold  . . .     Clarity  .     m - +0 ring mail (curse)
rNeg   . . .     SustAt   .     (no shield)
rPois  .         Gourm    .     c - +0 helmet
rElec  .         Spirit   .     (no cloak)
rCorr  .         Warding  .     (no gloves)
rMut   .         Stasis   .     (boots unavailable)
MR     .....                    (no amulet)
Stlth  ++........               (no ring)
                                (no ring)

@: brilliant, agile, lethally poisoned (0 -> -4), flying, not resistant to
hostile enchantments, unstealthy
A: hooves 3
a: Renounce Religion


You were on level 2 of the Dungeon.
You worshipped Okawaru.
Okawaru was noncommittal.
You were very hungry.

You visited 1 branch of the dungeon, and saw 2 of its levels.

You collected 90 gold pieces.

Inventory:

Hand Weapons
 a - a +0 war axe (weapon)
Missiles
 d - 4 throwing nets (quivered)
Armour
 b - a +0 leather armour
 c - a +0 helmet (worn)
 m - a cursed +0 ring mail (worn)
Scrolls
 f - 2 scrolls of magic mapping {unknown}
 g - a scroll of enchant weapon {unknown}
 h - a scroll of fear {unknown}
 i - 4 scrolls of identify {unknown}
 o - a scroll of blinking {unknown}
 q - a scroll of noise {unknown}
 r - a scroll of recharging {unknown}
Comestibles
 e - a bread ration
 k - 4 fruits
 p - a meat ration


   Skills:
 + Level 2.7 Fighting
 * Level 4.2 Axes
 - Level 1.7 Throwing
 + Level 1.2 Armour
 - Level 2.8 Dodging


You had 3 spell levels left.
You didn't know any spells.

Dungeon Overview and Level Annotations

Branches:
Dungeon (2/15)

Altars:
Okawaru
The Shining One


Innate Abilities, Weirdness & Mutations

You have hooves in place of feet.


Message History

You feel sick. The adder bites you but does no damage.
The adder bites you but does no damage.
You closely miss the adder. Your kick misses the adder.
The adder is moderately wounded.
* * * LOW HITPOINT WARNING * * *
You feel sick. The adder completely misses you.
The adder bites you but does no damage.
You hit the adder.
The adder is severely wounded.
You are feeling very hungry.
* * * LOW HITPOINT WARNING * * *
You feel sick. The adder bites you but does no damage.
You closely miss the adder. You kick the adder.
The adder is almost dead.
The adder barely misses you. x2
You miss the adder. You kick the adder, but do no damage.
The adder is almost dead.
* * * LOW HITPOINT WARNING * * *
You feel sick. The adder bites you.
You die...

#.#.$...###..##.# #>####.#..
#.#..!..##..).#.##### ### #.##.
#.##$..'#'....#.....# #.#..
##.#####.##..##...# #.#..
#.....#+###'#..#.#.#. ..#..
#.##.##s##.......#.#. ###..
#.##)#.sb#...g#### ..### ##.
#.##.##b##..grS.# #...### ##
#.##..###.....#@## .....#######
#.###.....#####.##. ..#....<...
#.# ##..........##.###.#........
#...............##...<.#........
######..........####...)........
#..........[......).##'####
#..........####.....##.#
#..........# #.....##.#
#...(......# #........#


You could see an adder, 2 goblins, a bat and a rat.

Vanquished Creatures
  7 adders (D:2)
  A worm (D:2)
  2 ball pythons
  4 giant cockroaches
  8 goblins
  4 hobgoblins
  2 quokkas (D:2)
  4 bats
  6 giant newts
  7 kobolds
  3 rats
48 creatures vanquished.

Notes
Turn   | Place    | Note
--------------------------------------------------------------
     0 | D:1      | MrTails the Demonspawn Gladiator began the quest for the Orb.
     0 | D:1      | Reached XP level 1. HP: 16/16 MP: 1/1
   339 | D:1      | Reached skill level 3 in Axes
   385 | D:1      | Gained mutation: You have large cloven feet. [demonic ancestry]
   385 | D:1      | Reached XP level 2. HP: 20/22 MP: 2/2
   979 | D:2      | Gained mutation: You have hoof-like feet. [demonic ancestry]
   979 | D:2      | Reached XP level 3. HP: 20/27 MP: 3/3
  1226 | D:2      | Found an iron altar of Okawaru.
  1227 | D:2      | Found a glowing golden altar of the Shining One.
  1231 | D:2      | Became a worshipper of Warmaster Okawaru
  1644 | D:2      | Reached skill level 1 in Armour
  1728 | D:2      | Gained mutation: You have hooves in place of feet. [demonic ancestry]
  1728 | D:2      | Reached XP level 4. HP: 17/34 MP: 4/4
  1883 | D:2      | Found a faded altar to an unknown god.
  1901 | D:2      | Reached skill level 4 in Axes
  2068 | D:2      | HP: 1/34 [poisoned by an adder]
  2068 | D:2      | Slain by an adder

Action                   |  1- 3 |  4- 6 || total
-------------------------+-------+-------++-------
Melee: War axe           |   118 |    68 ||   186
  Use: Potion            |       |     3 ||     3
  Eat: Chunk             |     3 |       ||     3
